 Dungeon Crawl Stone Soup version 0.23.0-38-g208d714 (webtiles) character file.

Game seed: 0

9849 Fang the Fighter (level 11, -3/72 HPs)
             Began as a Gargoyle Berserker on Feb 27, 2019.
             Was a High Priest of Trog.
             Slain by an unseen horror (6 damage)
             ... on level 11 of the Dungeon.
             The game lasted 00:13:35 (10379 turns).

Fang the Fighter (Gargoyle Berserker)              Turns: 10379, Time: 00:13:36

Health: -3/72      AC: 26    Str: 25    XL:     11   Next: 52%
Magic:  3/3        EV: 11    Int:  7    God:    Trog [*****.]
Gold:   657        SH:  0    Dex: 14    Spells: 10/10 levels left

rFire    . . .     SeeInvis .   y - +2 executioner's axe (antimagic)
rCold    . . .     Gourm    .   (shield currently unavailable)
rNeg     + + .     Faith    .   B - +1 plate armour
rPois    ∞         Spirit   .   (no helmet)
rElec    +         Reflect  .   b - +2 ratskin cloak {+Rats rPois rN+ Str-1 Int-1 Dex+1}
rCorr    .         Harm     .   (no gloves)
MR       .....                  (no boots)
Stlth    ..........             (no amulet)
HPRegen  0.22/turn              o - +2 ring of strength
MPRegen  0.08/turn              i - +4 ring of dexterity

@: no status effects
A: negative energy resistance 1, electricity resistance, unbreathing,
petrification resistance, rot immunity, AC +8
a: Berserk, Trog's Hand, Brothers in Arms, Renounce Religion, Evoke Ratskin


You were on level 11 of the Dungeon.
You worshipped Trog.
Trog was extremely pleased with you.
You were hungry.

You visited 2 branches of the dungeon, and saw 12 of its levels.

You collected 657 gold pieces.

Inventory:

Hand Weapons
 m - a +6 war axe
 y - a +2 antimagic executioner's axe (weapon)
Armour
 b - the +2 ratskin cloak (worn) {+Rats rPois rN+ Str-1 Int-1 Dex+1}
   (You found it on level 5 of the Dungeon)

   It affects your strength (-1).
   It affects your intelligence (-1).
   It affects your dexterity (+1).
   It protects you from poison.
   It protects you from negative energy.
 B - a +1 plate armour (worn)
Jewellery
 i - a +4 ring of dexterity (right hand)
 o - a +2 ring of strength (left hand)
 z - a +3 ring of intelligence
Wands
 f - a wand of enslavement (10)
 h - a wand of digging (7)
 r - a wand of random effects (23)
 t - a wand of iceblast (12)
 u - a wand of acid (14)
Scrolls
 e - 9 scrolls of teleportation
 k - a scroll of noise {unknown}
 l - 12 scrolls of remove curse
 p - 2 scrolls of identify
 q - 2 scrolls of blinking
Potions
 a - 3 potions of curing
 d - a potion of lignification
 g - a potion of might
 j - a potion of berserk rage
 n - 2 potions of cancellation
 s - 2 potions of haste
 w - 2 potions of heal wounds
 x - a potion of agility
 A - a potion of flight
Comestibles
 c - 29 rations
 v - 4 chunks of flesh


   Skills:
 + Level 10.2 Fighting
 + Level 8.7 Axes
 + Level 10.0 Armour
 + Level 7.7 Dodging


You had 10 spell levels left.
You didn't know any spells.
Your spell library was empty.

Dungeon Overview and Level Annotations

Branches:
Dungeon (11/15)            Temple (1/1) D:7            Lair (0/6) D:8
    Orc (0/2) D:10

Altars:
Ashenzari
Cheibriados
Dithmenos
Elyvilon
Hepliaklqana
Kikubaaqudgha
Nemelex Xobeh
Qazlal
Ru
Trog
Uskayaw
Vehumet
Yredelemnul
Zin
The Shining One

Annotations:
D:11 2 transporters, sighowe's ghost, journeyman FoFi


Innate Abilities, Weirdness & Mutations

You are resistant to torment.
Your stone body is resilient. (AC +8)
You are immune to poison.
You resist negative energy. (rN+)
You are resistant to electric shocks. (rElec)
You can survive without breathing.
You are immune to petrification.
You are immune to rotting.


Message History

You swing at nothing.
Something hits you.
* * * LOW HITPOINT WARNING * * *
You swing at nothing.
Something hits you.
* * * LOW HITPOINT WARNING * * *
You swing at nothing.
Something hits you but does no damage.
You hit something. Something hits you but does no damage.
You swing at nothing.
Something hits you.
* * * LOW HITPOINT WARNING * * *
You closely miss something. Something barely misses you.
You swing at nothing.
Something hits you but does no damage.
You slash something! Something hits you but does no damage.
You closely miss something. Something hits you but does no damage.
You swing at nothing.
Something completely misses you.
You hit something but do no damage. Something hits you.
* * * LOW HITPOINT WARNING * * *
Your plate armour prevents you from hitting something.
Something hits you but does no damage.
You closely miss something. Something hits you but does no damage.
You slash something! Something hits you but does no damage. Something hits you.
You die...

#........#
####........#
#......#....#
#......#....#
#......'....#
#......#....#
#####......##†#######
....'>.....'..†......
####..@...##.#.#####
#......##.#..#######
#......##...........
#......#####.##.....
###'########.÷#.....
..# #........... ..#
#........... ..#
#...........
######......


There were no monsters in sight!

Vanquished Creatures
  2 two-headed ogres
  An unseen horror (D:11)
  A yaktaur (D:11)
  A komodo dragon (D:8)
  A meliai (D:11)
  2 trolls
  A wyvern (D:11)
  2 hungry ghosts
  5 humans (D:7)
  The ghost of bande the Shield-Bearer, an amateur GrFi (D:4)
  An acid dragon (D:11)
  2 ice beasts
  A necrophage (D:5)
  4 sky beasts
  A phantom (D:11)
  8 ogres
  4 centaurs (D:11)
  2 big kobolds
  Blork the orc (D:5)
  6 bullfrogs
  4 scorpions
  5 killer bees (D:10)
  15 wights
  4 crimson imps
  A centaur zombie (D:9)
  A bullfrog zombie (D:6)
  A quasit (D:11)
  5 hounds
  2 jellies
  A centaur skeleton (D:4)
  8 orc priests
  7 orc wizards
  12 worker ants
  4 iguanas
  A hell rat (D:5)
  A hound zombie (D:11)
  A hound skeleton (D:6)
  3 gnolls (D:7)
  A howler monkey skeleton (D:9)
  20 adders
  6 river rats (D:5)
  4 shadow imps
  3 oozes
  5 adder skeletons
  6 worms
  A dart slug (D:5)
  2 leopard geckos
  25 orcs
  7 bats
  6 giant cockroaches
  8 goblins
  7 hobgoblins
  11 jackals
  4 quokkas
  A ball python (D:4)
  5 frilled lizards
  10 kobolds
  A leopard gecko skeleton (D:4)
  A leopard gecko zombie (D:6)
  A quokka skeleton (D:8)
  28 rats
  A spectral orc (D:5)
  3 plants (D:8)
290 creatures vanquished.

Vanquished Creatures (collateral kills)
  Snorg (D:10)
  An ice beast (D:10)
2 creatures vanquished.

Vanquished Creatures (others)
  A plant (D:8)
1 creature vanquished.

Grand Total: 293 creatures vanquished

Notes
Turn   | Place    | Note
-------+----------+-------------------------------------------
     0 | D:1      | Fang the Gargoyle Berserker began the quest for the Orb.
     0 | D:1      | Reached XP level 1. HP: 14/14 MP: 1/1
   122 | D:1      | Reached XP level 2. HP: 16/19 MP: 2/2
   737 | D:2      | Reached XP level 3. HP: 23/23 MP: 3/3
   965 | D:2      | Reached ** piety under Trog
  1182 | D:2      | Reached XP level 4. HP: 21/29 MP: 4/4
  1614 | D:3      | Reached XP level 5. HP: 5/33 MP: 5/5
  1989 | D:3      | Reached XP level 6. HP: 27/39 MP: 6/6
  2386 | D:3      | Reached *** piety under Trog
  2750 | D:4      | Reached skill level 5 in Fighting
  2750 | D:4      | Reached XP level 7. HP: 36/44 MP: 7/7
  3546 | D:4      | Found a runed translucent door.
  3548 | D:4      | Noticed bande's ghost (amateur GrFi)
  3587 | D:4      | Reached skill level 5 in Armour
  3766 | D:4      | Found a transporter.
  3788 | D:4      | Found a transporter.
  3794 | D:4      | Found a radiant altar of Vehumet.
  3794 | D:4      | Found a sparkling altar of Nemelex Xobeh.
  3795 | D:4      | Found a shadowy altar of Dithmenos.
  3809 | D:4      | Reached XP level 8. HP: 24/51 MP: 8/8
  4131 | D:4      | Received a gift from Trog
  4268 | D:4      | Reached skill level 5 in Axes
  4374 | D:4      | Killed bande's ghost
  4496 | D:5      | Entered Level 5 of the Dungeon
  4496 | D:5      | Found a snail-covered altar of Cheibriados.
  4610 | D:5      | Noticed Blork the orc
  4619 | D:5      | Killed Blork the orc
  4697 | D:5      | Noticed a moth of wrath
  4751 | D:5      | Reached **** piety under Trog
  5148 | D:5      | Found the +2 ratskin cloak {+Rats rPois rN+ Str-1 Int-1
                  | Dex+1}
  5358 | D:5      | Reached XP level 9. HP: 54/57 MP: 9/9
  5405 | D:5      | Found a basalt altar of Yredelemnul.
  5503 | D:5      | Found a bloodstained altar of Trog.
  5659 | D:6      | Reached skill level 5 in Dodging
  6566 | D:7      | Reached XP level 10. HP: 31/64 MP: 10/10
  6808 | D:7      | Found a staircase to the Ecumenical Temple.
  6855 | D:7      | Reached ***** piety under Trog
  6882 | Temple   | Entered the Ecumenical Temple
  7336 | D:8      | Found a white marble altar of Elyvilon.
  7410 | D:8      | Found a hide-covered altar of Uskayaw.
  7411 | D:8      | Noticed a +4 hand axe
  7411 | D:8      | Noticed a +0 hand axe
  7543 | D:8      | Found a staircase to the Lair.
  7776 | D:8      | Found a shattered altar of Ashenzari.
  8432 | D:9      | Found a stormy altar of Qazlal.
  8526 | D:9      | Found a sacrificial altar of Ru.
  8591 | D:9      | Noticed a two-headed ogre
  8602 | D:9      | Killed a two-headed ogre
  9102 | D:9      | Found a hazy altar of Hepliaklqana.
  9103 | D:9      | Found an ancient bone altar of Kikubaaqudgha.
  9103 | D:9      | Found a glowing silver altar of Zin.
  9228 | D:10     | Entered Level 10 of the Dungeon
  9284 | D:10     | Noticed Snorg
  9297 | D:10     | Killed Snorg
  9379 | D:10     | Found a staircase to the Orcish Mines.
  9449 | D:10     | Reached XP level 11. HP: 69/71 MP: 11/11
  9743 | D:11     | Found a transporter.
  9744 | D:11     | Noticed sighowe's ghost (journeyman FoFi)
  9747 | D:11     | Found a transporter.
  9859 | D:11     | Received a gift from Trog
 10064 | D:11     | Noticed a two-headed ogre
 10073 | D:11     | Killed a two-headed ogre
 10073 | D:11     | Reached skill level 10 in Fighting
 10121 | D:11     | Killed an unseen horror
 10301 | D:11     | Reached skill level 10 in Armour
 10376 | D:11     | HP: 2/72 [something (5)]
 10379 | D:11     | Slain by an unseen horror

Skill      XL: |  1  2  3  4  5  6  7  8  9 10 11 |
---------------+----------------------------------+-----
Axes           | 3 4 5 6 8 |  8.7
Dodging        | 2 3 4 6 7 |  7.7
Armour         | 3 4 5 6 7 9 10 | 10.0
Fighting       | 4 5 7 8 9 10 | 10.2

Action                   |  1- 3 |  4- 6 |  7- 9 | 10-12 || total
-------------------------+-------+-------+-------+-------++-------
Melee: Hand axe          |    91 |       |       |       ||    91
       War axe           |    23 |   155 |   365 |   257 ||   800
       Executioner's axe |       |       |       |    46 ||    46
Invok: Berserk           |     1 |     4 |     5 |     1 ||    11
       Brothers in Arms  |       |       |       |     1 ||     1
  Use: Scroll            |       |     8 |     8 |     8 ||    24
 Stab: Sleeping          |     1 |       |       |       ||     1
  Eat: Chunk             |     1 |     9 |    15 |     9 ||    34
       Ration            |       |       |     2 |     2 ||     4
Armor: Animal skin       |    23 |       |       |       ||    23
       Scale mail        |    33 |    92 |    29 |       ||   154
       Chain mail        |       |       |   288 |    64 ||   352
       Plate armour      |       |       |       |   295 ||   295
Dodge: Dodged            |    92 |   114 |   271 |   218 ||   695
